 Dungeon Crawl Stone Soup version 0.27-a0-767-g00efbec225 (webtiles) character file.

Game seed: 5078112776392395080

79 Aggronaut the Cutter (level 4, -4/33 HPs)
             Began as a Djinni Gladiator on Mar 25, 2021.
             Slain by a sky beast (5 damage)
             ... on level 3 of the Dungeon.
             The game lasted 00:08:03 (2545 turns).

Aggronaut the Cutter (Djinni Gladiator)             Turns: 2545, Time: 00:08:04

Health: -4/33      AC:  4    Str: 13    XL:     4   Next: 38%
Gold:   45         EV: 12    Int: 10    God:
                   SH:  0    Dex: 15

rFire    + + .     SeeInvis .   m - +1 dagger (venom)
rCold    x . .     Faith    .   (no shield)
rNeg     . . .     Spirit   .   b - +0 leather armour
rPois    ∞         Reflect  .   c - +0 helmet
rElec    .         Harm     .   (no cloak)
rCorr    .         Rampage  .   (no gloves)
Will     .....                  (boots unavailable)
Stlth    +.........             (no amulet)
HPRegen  0.11/turn              (no ring)
MPRegen  0.00/turn              (no ring)

@: mighty, flying, studying Unarmed Combat
A: fire resistance 2, cold vulnerability 1, float, innate caster, hp casting,
extra vitality 1
a: no special abilities


You were on level 3 of the Dungeon.
You visited 1 branch of the dungeon, and saw 3 of its levels.

You collected 45 gold pieces.

Inventory:

Hand Weapons
 a - a +0 rapier
 m - a +1 dagger of venom (weapon)
Missiles
 d - 3 throwing nets (quivered)
 e - 4 poisoned darts
Armour
 b - a +0 leather armour (worn)
 c - a +0 helmet (worn)
Wands
 f - a wand of polymorph (10)
Scrolls
 h - a scroll of identify {unknown}
 i - 3 scrolls of amnesia {unknown}
 k - a scroll of enchant weapon {unknown}
 l - a scroll of noise {unknown}
 o - a scroll of immolation {unknown}
Potions
 g - 2 potions of might
 j - a potion of haste {unknown}
 n - a potion of invisibility {unknown}


   Skills:
 - Level 2.0 Fighting
 - Level 4.6 Short Blades
 - Level 1.5 Throwing
 - Level 3.2 Dodging
 + Level 0.0 Unarmed Combat


You had 2 spell levels left.
You knew the following spells:

 Your Spells              Type           Power      Damage    Failure   Level
a - Summon Small Mammal   Summ           0%         N/A       43%         1
Your spell library was empty.

Dungeon Overview and Level Annotations

Branches:
Dungeon (3/15)

Altars:


Innate Abilities, Weirdness & Mutations

You are immune to poison.
Your flesh is very heat resistant. (rF++)
You are vulnerable to cold. (rC-)
You float through the air rather than walking.
You learn spells naturally, not from books.
Your magical power is your life essence.
You have superior vitality. (+4 HP)


Message History

Confirm with . or Enter, or press ? or * to list all spells.
You hit the sky beast.
The sky beast is lightly wounded.
The sky beast barely misses you.
You hit the sky beast but do no damage.
The sky beast is poisoned.
The sky beast is lightly wounded.
The sky beast hits you. The sky beast shocks you.
You hit the sky beast but do no damage.
The sky beast is lightly wounded.
Your rat bites the sky beast but does no damage.
You closely miss the sky beast.
The sky beast is lightly wounded.
The sky beast hits you. The sky beast shocks you.
Your rat closely misses the sky beast.
You hit the sky beast but do no damage.
The sky beast is lightly wounded.
The sky beast hits you. The sky beast shocks you.
* * * LOW HITPOINT WARNING * * *
Your rat completely misses the sky beast.
The sky beast flickers out of sight!
Deactivating autopickup; reactivate with Ctrl-A.
Your rat barely misses something.
A sky beast appears from thin air!
Reactivating autopickup.
The sky beast looks more healthy.
The sky beast flickers out of sight!
Deactivating autopickup; reactivate with Ctrl-A.
Okay, then.
It was a potion of might.
You feel very mighty all of a sudden. Something hits you.
* * * LOW HITPOINT WARNING * * *
Something shocks you.
* * * LOW HITPOINT WARNING * * *
You miss something.
Your rat bites something but does no damage.
Something hits you.
* * * LOW HITPOINT WARNING * * *
Something shocks you.
You die...

#########
........#
........#
........#######
..........r..>#
.......$#####r#
......... #{#
.........( #@#
#.....#.... #.#
#...!.#....##.#
#.....#....##.#
#.....#....##.#
#.# #.# #.#
###############.#


You could see a friendly rat (summoned).

Vanquished Creatures
  4 adders (D:2)
  2 worms
  6 ball pythons
  2 bats
  2 endoplasms (D:2)
  3 giant cockroaches
  2 goblins
  A hobgoblin (D:1)
  2 jackals (D:2)
  A quokka (D:2)
  4 frilled lizards
  5 kobolds
  4 rats
38 creatures vanquished.

Notes
Turn   | Place    | Note
-------+----------+-------------------------------------------
     0 | D:1      | Aggronaut the Djinni Gladiator began the quest for the Orb.
     0 | D:1      | Reached XP level 1. HP: 18/18 MP: 0/0
   170 | D:1      | Reached skill level 3 in Short Blades
   229 | D:1      | Reached XP level 2. HP: 20/23 MP: 0/0
   897 | D:2      | Reached XP level 3. HP: 23/28 MP: 0/0
   897 | D:2      | Learned a level 1 spell: Summon Small Mammal
  1292 | D:2      | Reached skill level 4 in Short Blades
  1668 | D:2      | Reached XP level 4. HP: 21/33 MP: 0/0
  2526 | D:3      | Noticed a sky beast
  2545 | D:3      | HP: 1/33 [something (1)]
  2545 | D:3      | Slain by a sky beast

Illustrated notes

Levels and vault maps discovered:
D:1:      nagdon_arrival_double_spiral, layout_basic
D:2:      layout_basic, minmay_misc_feat_columns, minmay_surrounded
D:3:      layout_basic, gammafunk_temple_overflow_wave, grunt_gozag_breadcrumbs,
          uniq_natasha

Skill      XL: |  1  2  3 |
---------------+----------+-----
Short Blades   | 3 4 |  4.6
Fighting       | |  2.0
Throwing       | |  1.5
Dodging        | |  3.2

Action                   |  1- 3 |  4- 6 || total
-------------------------+-------+-------++-------
Melee: Rapier            |    78 |    24 ||   102
       Dagger            |       |    18 ||    18
 Cast: Summon Small Mamm |       |     1 ||     1
  Use: Potion            |     2 |     1 ||     3
       Scroll            |     2 |       ||     2
Armor: Leather armour    |    25 |    14 ||    39
Dodge: Dodged            |    47 |    25 ||    72

Table legend: (Time is in decaauts)
 A = Elapsed time spent in this place.
 B = Non-inter-level travel time spent in this place.
 C = Inter-level travel time spent in this place.
 D = Time resting spent in this place.
 E = Time spent auto-exploring this place.
 F = Levels seen in this place.
 G = Mean time per level.
                   A        B        C        D        E       F      G
               +--------+--------+--------+--------+--------+-----+--------+
         Total |   2542 |   2416 |    126 |    762 |   1173 |   3 |  847.3 |
       Dungeon |   2542 |   2416 |    126 |    762 |   1173 |   3 |  847.3 |
               +--------+--------+--------+--------+--------+-----+--------+

Top non-repeatable levels by time:
     D:2: 1310 daAuts
     D:1: 1107 daAuts
     D:3: 124 daAuts
